 Dungeon Crawl Stone Soup version 0.28-a0-909-g796cbd3a86 (webtiles) character file.

Game seed: 12142372255113959281

135 SmokeWeed the Slasher (level 4, -4/38 HPs)
             Began as a Minotaur Gladiator on Nov 24, 2021.
             Slain by an orc warrior (7 damage)
             ... on level 4 of the Dungeon.
             The game lasted 00:05:01 (2827 turns).

SmokeWeed the Slasher (Minotaur Gladiator)          Turns: 2827, Time: 00:05:02

Health: -4/38      AC: 13    Str: 18    XL:     4   Next: 97%
Magic:  3/3        EV: 12    Int:  6    God:
Gold:   76         SH:  0    Dex: 18    Spells: 3/3 levels left

rFire   . . .      SeeInvis .   a - +2 long sword (protect)
rCold   . . .      Faith    .   (no shield)
rNeg    . . .      Spirit   .   j - +1 ring mail
rPois   .          Reflect  .   c - +0 hat
rElec   .          Harm     .   (no cloak)
rCorr   .          Rampage  .   (no gloves)
Will    .....                   (no boots)
Stlth   +.........              (no amulet)
HPRegen 0.12/turn               g - +6 ring of dexterity
MPRegen 0.08/turn               (no ring)

@: under a protective aura
A: horns 2, retaliatory headbutt
a: no special abilities


You were on level 4 of the Dungeon.
You visited 1 branch of the dungeon, and saw 4 of its levels.

You collected 76 gold pieces.

Inventory:

Hand Weapons
 a - a +2 long sword of protection (weapon)
 f - a +4 whip of venom
Missiles
 d - 3 throwing nets (quivered)
 p - 6 javelins
Armour
 b - a +0 leather armour
 c - a +0 hat (worn)
 j - a +1 ring mail (worn)
Jewellery
 g - a +6 ring of dexterity (left hand)
Wands
 s - a wand of digging (13)
Scrolls
 o - 2 scrolls of teleportation
Potions
 e - 2 potions of curing {unknown}
 h - a potion of might {unknown}
 k - 2 potions of flight
 l - a potion of lignification {unknown}
 n - 3 potions of heal wounds {unknown}
 r - 2 potions of invisibility {unknown}


   Skills:
 * Level 3.4 Fighting
 + Level 5.1 Long Blades
 + Level 2.1 Throwing
 * Level 2.1 Armour
 + Level 3.9 Dodging
 + Level 0.6 Stealth


You had 3 spell levels left.
You didn't know any spells.
Your spell library contained the following spells:

 Spells                   Type           Power      Damage    Failure   Level
 Slow                     Hex            0%         N/A       65%         1
 Confusing Touch          Hex            0%         N/A       95%         3
 Vampiric Draining        Necr           0%         2d6       95%         3


Dungeon Overview and Level Annotations

Branches:
Dungeon (4/15)             Temple (0/1) D:4

Altars:
Elyvilon


Innate Abilities, Weirdness & Mutations

You have a pair of horns on your head.
You reflexively headbutt those who attack you in melee.


Message History

The orc hits you but does no damage.
You completely miss the orc. Your headbutt misses the orc.
The orc is heavily wounded.
The orc hits you with a +0 club. The orc warrior barely misses you.
You furiously retaliate!
You headbutt the orc warrior, but do no damage.
You completely miss the orc. Your headbutt misses the orc.
The orc is heavily wounded.
The orc warrior hits you with a +0 war axe!
The orc completely misses you.
Your +4 whip of venom stops dripping with poison.
Your +2 long sword of protection hums with potential!
a - a +2 long sword of protection (weapon)
The orc warrior closely misses you.
You barely miss the orc. You headbutt the orc, but do no damage.
The orc is heavily wounded.
You kill the orc!
The orc barely misses you.
The orc warrior hits you with a +0 war axe!
* * * LOW HITPOINT WARNING * * *
Your Armour skill increases to level 2!
Okay, then.
You hit the orc.
Your weapon exudes an aura of protection.
The orc is severely wounded.
The orc hits you but does no damage. x2; The orc warrior closely misses you.
You furiously retaliate!
You headbutt the orc warrior. You slash the orc!
You kill the orc!
The orc hits you but does no damage. The orc warrior closely misses you.
You hit the orc. You headbutt the orc.
You kill the orc!
The orc warrior hits you with a +0 war axe!
* * * LOW HITPOINT WARNING * * *
The orc warrior closely misses you.
You see here a +0 hand axe.
You hit the orc warrior but do no damage.
You headbutt the orc warrior, but do no damage.
The orc warrior hits you with a +0 war axe!
You die...

.# .# ....#....... .#
##...#...... .# #
#..........# .. ##
#.#..........##.. .#
................. .##
#......?....... #.# .
#.)o#........ #.## ..
#..@......... ##.# ...
##)##.......$ #.## ....
..####........ ##.#
.....##. #..§§§....
##.#......#.. ##.≈≈§§≈...
##............##.≈≈≈≈≈§§.#
...............#.§§≈>≈§§.#
..#........#.....≈§≈§≈≈≈.#
####......##......≈§≈≈≈..#


You could see an orc warrior.

Vanquished Creatures
  A jelly (D:3)
  2 adders (D:2)
  A dart slug (D:1)
  8 orcs
  8 ball pythons
  8 endoplasms
  6 giant cockroaches
  6 goblins
  8 hobgoblins
  7 kobolds
  4 quokkas
  4 bats
  2 frilled lizards (D:2)
  5 rats
70 creatures vanquished.

Vanquished Creatures (others)
  3 demonic plants (D:2)
3 creatures vanquished.

Grand Total: 73 creatures vanquished

Notes
Turn   | Place    | Note
-------+----------+-------------------------------------------
     0 | D:1      | SmokeWeed the Minotaur Gladiator began the quest for the
                  | Orb.
     0 | D:1      | Reached XP level 1. HP: 18/18 MP: 0/0
   191 | D:1      | Reached skill level 4 in Long Blades
   193 | D:1      | Reached XP level 2. HP: 20/25 MP: 1/1
   770 | D:1      | Reached XP level 3. HP: 28/30 MP: 2/2
  1478 | D:2      | Found a faded altar of an unknown god.
  1518 | D:2      | Reached XP level 4. HP: 38/38 MP: 3/3
  1523 | D:2      | Reached skill level 1 in Armour
  2006 | D:3      | Reached skill level 5 in Long Blades
  2006 | D:3      | Found a white marble altar of Elyvilon.
  2798 | D:4      | Found a staircase to the Ecumenical Temple.
  2809 | D:4      | Noticed an orc warrior
  2827 | D:4      | Slain by an orc warrior

Illustrated notes

Levels and vault maps discovered:
D:1:      evilmike_arrival_crescent, layout_loops_ring, minivault_23
D:2:      layout_basic, shapermc_ecumenical_altar_gd, kennysheep_path_1
D:3:      layout_basic, mainiacjoe_overflow_tiny_flanked
D:4:      layout_cave_pools, minmay_temple_entry_mist, grunt_decor_clamped,
          kennysheep_opposing_triangles, uniq_natasha

Skill      XL: |  1  2  3  4 |
---------------+-------------+-----
Long Blades    | 4 5 |  5.1
Fighting       | 3 |  3.4
Armour         | 2 |  2.1
Throwing       | |  2.1
Dodging        | |  3.9
Stealth        | |  0.6

Action                   |  1- 3 |  4- 6 || total
-------------------------+-------+-------++-------
Melee: Long sword        |    74 |    48 ||   122
       Headbutt          |    17 |    12 ||    29
       Whip              |       |     9 ||     9
  Use: Scroll            |       |     8 ||     8
 Stab: Sleeping          |     1 |       ||     1
Armor: Leather armour    |     8 |       ||     8
       Ring mail         |    17 |    22 ||    39
Dodge: Dodged            |    40 |    24 ||    64

Table legend: (Time is in decaauts)
 A = Elapsed time spent in this place.
 B = Non-inter-level travel time spent in this place.
 C = Inter-level travel time spent in this place.
 D = Time resting spent in this place.
 E = Time spent auto-exploring this place.
 F = Levels seen in this place.
 G = Mean time per level.
                   A        B        C        D        E       F      G
               +--------+--------+--------+--------+--------+-----+--------+
         Total |   2847 |   2823 |     24 |    118 |   2241 |   4 |  711.8 |
       Dungeon |   2847 |   2823 |     24 |    118 |   2241 |   4 |  711.8 |
               +--------+--------+--------+--------+--------+-----+--------+

Top non-repeatable levels by time:
     D:1: 1020 daAuts
     D:3: 990 daAuts
     D:2: 697 daAuts
     D:4: 140 daAuts
